 Dungeon Crawl Stone Soup version 0.26-a0-651-gb41185065b (webtiles) character file.

Game seed: 16496691143738007613

60 Inarius the Chopper (level 3, -1/33 HPs)
             Began as a Draconian Chaos Knight on Oct 1, 2020.
             Was a Plaything of Xom.
             Slain by an ogre
             ... wielding a +0 giant club
              (10 damage)
             ... on level 3 of the Dungeon.
             The game lasted 00:01:09 (1339 turns).

Inarius the Chopper (Draconian Chaos Knight)        Turns: 1339, Time: 00:01:10

Health: -1/33      AC:  5    Str: 15    XL:     3   Next: 82%
Magic:  3/3        EV: 12    Int: 12    God:    Xom [..*...]
Gold:   139        SH:  0    Dex: 10    Spells: 2/2 levels left

rFire    . . .     SeeInvis .   a - +0 hand axe (chaos)
rCold    . . .     Faith    .   (no shield)
rNeg     . . .     Spirit   .   (armour unavailable)
rPois    .         Reflect  .   (helmet restricted)
rElec    .         Harm     .   (no cloak)
rCorr    .         Rampage  .   (no gloves)
MR       .....                  (no boots)
Stlth    +.........             (no amulet)
HPRegen  0.11/turn              (no ring)
MPRegen  0.08/turn              (no ring)

@: no status effects
A: unfitting armour, cold-blooded, AC +5
a: Renounce Religion


You were on level 3 of the Dungeon.
You worshipped Xom.
You were a toy of Xom.
You visited 1 branch of the dungeon, and saw 3 of its levels.

You collected 139 gold pieces.

Inventory:

Hand Weapons
 a - a +0 hand axe of chaos (weapon)
Scrolls
 b - 6 scrolls of identify {unknown}
 c - 2 scrolls of fog {unknown}
 f - a scroll of amnesia {unknown}
 g - 2 scrolls of teleportation {unknown}
Potions
 d - a potion of mutation {unknown}
 e - a potion of invisibility {unknown}
 h - 2 potions of might {unknown}
 i - a potion of curing {unknown}
 j - 2 potions of heal wounds {unknown}


   Skills:
 + Level 3.7 Fighting
 * Level 4.2 Axes
 + Level 2.5 Dodging


You had 2 spell levels left.
You didn't know any spells.
Your spell library was empty.

Dungeon Overview and Level Annotations

Branches:
Dungeon (3/15)

Altars:


Innate Abilities, Weirdness & Mutations

Your plain brown scales are hard. (AC +5)
You cannot fit into any form of body armour.
You are cold-blooded and may be slowed by cold attacks.


Message History

You hit the ogre.
The ogre seems to slow down.
The ogre is severely wounded.
The ogre is no longer moving slowly.
The ogre hits you with a +0 giant club!
* * * LOW HITPOINT WARNING * * *
You are too injured to fight recklessly!
You are too injured to fight recklessly!
You are too injured to fight recklessly!
You are too injured to fight recklessly!
You are too injured to fight recklessly!
You are too injured to fight recklessly!
You are too injured to fight recklessly!
You closely miss the ogre.
The ogre is severely wounded.
The ogre closely misses you.
You barely miss the ogre. You tail-slap the ogre.
The ogre is severely wounded.
You hit the ogre but do no damage.
The ogre is severely wounded.
The ogre hits you with a +0 giant club!
You die...

# # .#.
#.# #.#
#.# # #.#
#
#.##.##.#
#.O@.<..#
####.####
#.# ...
...##
....#
......
#.#..#.


You could see an ogre.

Vanquished Creatures
  An adder (D:2)
  An ooze (D:1)
  A dart slug (D:1)
  2 leopard geckos
  8 bats
  2 giant cockroaches (D:1)
  5 goblins
  5 hobgoblins
  2 jackals (D:1)
  4 kobolds
  A quokka (D:2)
  2 frilled lizards
  8 rats
42 creatures vanquished.

Notes
Turn   | Place    | Note
-------+----------+-------------------------------------------
     0 | D:1      | Inarius the Draconian Chaos Knight began the quest for the
                  | Orb.
     0 | D:1      | Reached XP level 1. HP: 19/19 MP: 1/1
   226 | D:1      | Reached XP level 2. HP: 26/26 MP: 2/2
   366 | D:1      | XOM: silly message
   647 | D:1      | Reached XP level 3. HP: 31/31 MP: 3/3
   652 | D:1      | XOM: divination: detect items
   721 | D:1      | XOM: cloud trail
   843 | D:2      | Reached skill level 4 in Axes
   857 | D:2      | XOM: divination: magic mapping
  1325 | D:3      | Noticed an ogre
  1339 | D:3      | Slain by an ogre

Illustrated notes

Levels and vault maps discovered:
D:1:      sevenhm_arrival_forest_fort_small_5, layout_basic
D:2:      layout_rooms, hex_large
D:3:      layout_loops_cross, nemelex_xobeh_ov_fountains_minmay, serial_undead,
          serial_undead_f, serial_undead_f, serial_undead_f, serial_undead_c,
          serial_undead_c, serial_undead_a, serial_undead_c,
          gammafunk_ghost_smash, uniq_sigmund

Skill      XL: |  1  2  3 |
---------------+----------+-----
Axes           | 4 |  4.2
Fighting       | |  3.7
Dodging        | |  2.5

Action                   || total
-------------------------++-------
Melee: Hand axe          ||   116
       Tailslap          ||     8
 Stab: Sleeping          ||     2
Armor: Skin              ||    50
Dodge: Dodged            ||    78

Table legend: (Time is in decaauts)
 A = Elapsed time spent in this place.
 B = Non-inter-level travel time spent in this place.
 C = Inter-level travel time spent in this place.
 D = Time resting spent in this place.
 E = Time spent auto-exploring this place.
 F = Levels seen in this place.
 G = Mean time per level.
                   A        B        C        D        E       F      G
               +--------+--------+--------+--------+--------+-----+--------+
         Total |   1353 |   1330 |     23 |     82 |    976 |   3 |  451.0 |
       Dungeon |   1353 |   1330 |     23 |     82 |    976 |   3 |  451.0 |
               +--------+--------+--------+--------+--------+-----+--------+

Top non-repeatable levels by time:
     D:1: 795 daAuts
     D:2: 542 daAuts
     D:3: 14 daAuts
